AoeStats
← Faviid

Arena

505136979Analyzed
3v3 RM · 24d ago on Sep 8, 2026· 56m 56s· 6 players
Game mode
Random Map
Map size
Normal (6 player)
Population
200
Speed
Normal
Resources
Standard
Victory
Conquest
Starting age
Dark Age
Ending age
Imperial Age
RankedLock teamsTeams togetherTeam positionsShared explorationLock speedFull tech treeHidden civsTurbo modeCheats
Victory
Defeat
🇩🇪 Inca · Germany
933
+10
🇩🇪 Dravidians · Germany
927
+11
🇩🇪 Koreans · Germany
718
+18
🇲🇽 Cumans · Mexico
823
-14
🇲🇽 Portuguese · Mexico
802
-13
🇹🇷 Khmer · Türkiye
766
-12
King Crimson
14:51 Feudal Age
15:36 Double-Bit Axe
21:45 Castle Age
19:54 Stone Mining
23:26 Bow Saw
24:20 Loom
25:32 Gold Mining
26:04 Loom
27:33 Bloodlines
27:14 Gambesons
26:53 Man-at-Arms
28:01 Scale Mail Armor
30:53 Wheelbarrow
30:30 Long Swordsman
31:21 Arson
32:12 Fervor
32:25 Sanctity
32:39 Bloodlines
32:32 Husbandry
34:56 Murder Holes
34:54 Fletching
34:56 Light Cavalry
35:53 Town Watch
36:26 Bodkin Arrow
36:55 Ballistics
37:31 Forging
37:26 Scale Barding Armor
38:10 Redemption
39:24 Iron Casting
39:09 Chain Barding Armor
39:34 Pikeman
40:56 Stone Shaft Mining
42:08 Hand Cart
45:50 Imperial Age
44:28 Chain Mail Armor
46:10 Halberdier
48:06 Chemistry
46:46 Two-Handed Swordsman
47:51 Town Patrol
47:30 Cavalier
50:12 Blast Furnace
49:47 Plate Barding Armor
51:40 Masonry
51:58 Siege Engineers
54:29 Plate Mail Armor
54:34 Plate Barding Armor
53:21 Two-Handed Swordsman
53:37 Elite Organ Gun
55:34 Block Printing
Level LPJ
10:35 Feudal Age
9:17 Loom
11:35 Double-Bit Axe
12:12 Town Watch
13:27 Horse Collar
21:47 Fletching
23:51 Bloodlines
26:39 Wheelbarrow
29:45 Castle Age
29:14 Forging
30:53 Town Patrol
30:51 Bodkin Arrow
30:58 Padded Archer Armor
colon
13:12 Feudal Age
13:38 Loom
13:46 Double-Bit Axe
20:17 Castle Age
19:26 Fletching
19:37 Padded Archer Armor
21:04 Gold Mining
21:06 Stone Mining
20:58 Crossbowman
27:43 Bodkin Arrow
Faviid
12:21 Feudal Age
15:10 Double-Bit Axe
15:17 Gold Mining
17:41 Wheelbarrow
16:48 Horse Collar
22:52 Castle Age
23:12 Crossbowman
27:27 Scale Mail Armor
27:32 Scale Barding Armor
32:24 Hand Cart
32:01 Fletching
33:03 Heavy Plow
33:41 Gold Shaft Mining
36:45 Bow Saw
38:25 Chain Mail Armor
38:05 Bodkin Arrow
38:21 Forging
39:37 Chain Barding Armor
42:11 Iron Casting
41:59 Stone Mining
45:44 Imperial Age
43:53 Stone Shaft Mining
47:08 Bracer
47:38 Plate Mail Armor
47:30 Thumb Ring
46:45 Arbalester
46:48 Pikeman
47:29 Squires
47:15 Arson
48:08 Conscription
49:00 Ballistics
48:36 Murder Holes
49:41 Chemistry
48:10 Halberdier
48:29 Elite Skirmisher
51:42 Heavy Cavalry Archer
53:32 Siege Engineers
56:32 Light Cavalry
^knowing.
9:51 Feudal Age
10:25 Loom
11:18 Wheelbarrow
10:33 Horse Collar
10:43 Double-Bit Axe
18:09 Castle Age
19:32 Hand Cart
20:20 Forging
25:23 Gold Mining
27:16 Husbandry
27:54 Scale Barding Armor
29:19 Chain Barding Armor
29:35 Iron Casting
39:42 Imperial Age
eXacT
0:26 Loom
11:41 Feudal Age
16:04 Castle Age
14:14 Double-Bit Axe
15:31 Fletching
16:18 Scale Mail Armor
19:09 Padded Archer Armor
22:48 Wheelbarrow
22:41 Squires
25:09 Thumb Ring
25:55 Horse Collar
26:25 Bow Saw
26:06 Gold Mining
27:35 Bodkin Arrow
28:01 Bow Saw
27:59 Champi Runner
30:42 Leather Archer Armor
31:56 Heavy Plow
32:31 Gold Shaft Mining
31:47 Stone Mining
33:30 Ballistics
33:08 Elite Skirmisher
34:27 Hand Cart
33:58 Town Watch
34:42 Crossbowman
34:43 Pikeman
34:43 Champi Warrior
36:01 Forging
37:05 Murder Holes
36:58 Treadmill Crane
42:29 Imperial Age
40:55 Arson
40:30 Champi Warrior
41:18 Town Patrol
42:32 Stone Shaft Mining
42:35 Iron Casting
42:15 Chain Mail Armor
42:13 Masonry
43:01 Andean Sling
43:47 Crop Rotation
44:28 Chemistry
43:13 Arrowslits
44:02 Devotion
45:10 Conscription
45:27 Hoardings
44:23 Sappers
45:56 Blast Furnace
45:54 Bracer
46:26 Siege Engineers
47:19 Ring Archer Armor
47:19 Plate Mail Armor
46:43 Heavy Scorpion
47:55 Plate Mail Armor
47:56 Arbalester
47:59 Onager
48:49 Elite Kamayuk
50:10 Fabric Shields
50:16 Capped Ram
51:22 Siege Ram
54:55 Guilds
55:15 Coinage
54:46 Caravan
Connection lost

Rejoining the realm…

Still unreachable

The connection could not be restored.

Session expired

The server has moved on; the page needs a fresh start.